TOP OF THE 1ST |
Virginia Tech Hokies batting - Pitching for Texas Longhorns : RHP Eugene Jackson
|
Pitching: RHP Eugene Jackson
|
|
Batting: LHB David Ortega
|
0-0: Ball 1-0: Foul Ball, location: 2F 1-1: SOLO HOME RUN (Flyball, 9D), Distance : 349 ft
|
Batting: SHB Daniel Lee
|
0-0: Ball 1-0: Ball 2-0: Called Strike 2-1: Ball 3-1: Base on Balls
|
Batting: RHB Eric Clay
|
0-0: Ball 1-0: Called Strike 1-1: Foul Ball, location: 2F 1-2: Strikes out looking
|
Batting: RHB Dusty Green
|
0-0: Ball 1-0: Ball 2-0: Ball 3-0: Called Strike 3-1: Foul Ball, location: 2F 3-2: Strikes out swinging Daniel Lee steals 2nd base Batter strikes out.
|
Batting: LHB Ben Webb
|
0-0: Ball 1-0: Swinging Strike 1-1: Ball 2-1: Ground out 1-3 (Groundball, 15S)
|
Top of the 1st over - 1 run, 1 hit, 0 errors, 1 left on base; Virginia Tech 1 - Texas 0 |
BOTTOM OF THE 1ST |
Texas Longhorns batting - Pitching for Virginia Tech Hokies : RHP Ken Turner
|
Pitching: RHP Ken Turner
|
|
Batting: LHB Matt Turner
|
0-0: Called Strike 0-1: Foul Ball, location: 2F 0-2: Ball 1-2: Foul Ball, location: 2F 1-2: Strikes out swinging
|
Batting: SHB Dave Hickman
|
0-0: Ball 1-0: Ball 2-0: Ball 3-0: Base on Balls
|
Batting: LHB Bill Turner
|
0-0: Ball 1-0: Ball Dave Hickman steals 2nd base 2-0: Fly out, F7 (Flyball, 7S)
|
Batting: RHB Jonathan Boyer
|
0-0: Ball 1-0: Ball 2-0: Called Strike 2-1: SINGLE (Line Drive, 6) Dave Hickman to third Runner from 3rd tries for Home, SAFE, no throw
|
Batting: RHB William Gilmore
|
0-0: Called Strike 0-1: Ball 1-1: Ball 2-1: Foul Ball, location: 2F 2-2: Foul Ball, location: 2F 2-2: Foul Ball, location: 2F 2-2: Ball 3-2: Base on Balls Jonathan Boyer to second
|
Batting: RHB Curtis Lawson
|
0-0: Called Strike 0-1: Foul Ball, location: 2F 0-2: Ground out 5-3 (Groundball, 56S)
|
Bottom of the 1st over - 1 run, 1 hit, 0 errors, 2 left on base; Virginia Tech 1 - Texas 1 |
TOP OF THE 2ND |
Virginia Tech Hokies batting - Pitching for Texas Longhorns : RHP Eugene Jackson
|
Batting: RHB Octávio Ramérez
|
0-0: Ball 1-0: Foul Ball, location: 2F 1-1: Foul Ball, location: 2F 1-2: Ball 2-2: Foul Ball, location: 2F 2-2: DOUBLE (Line Drive, 7LM)
|
Batting: SHB Junior Campbell
|
0-0: Ball 1-0: Ball 2-0: Foul Ball, location: 2F 2-1: Swinging Strike 2-2: Fly out, F6 (Popup, 6)
|
Batting: RHB Jake Holmes
|
0-0: Ball 1-0: Fly out, F9 (Line Drive, 9)
|
Batting: RHB Tim Wise
|
0-0: 2-RUN HOME RUN (Flyball, 7LD), Distance : 324 ft
|
Batting: LHB David Ortega
|
0-0: Swinging Strike 0-1: Swinging Strike 0-2: Ball 1-2: Foul Ball, location: 2F 1-2: Foul Ball, location: 2F 1-2: Strikes out swinging
|
Top of the 2nd over - 2 runs, 2 hits, 0 errors, 0 left on base; Virginia Tech 3 - Texas 1 |
BOTTOM OF THE 2ND |
Texas Longhorns batting - Pitching for Virginia Tech Hokies : RHP Ken Turner
|
Batting: RHB Frank Music
|
0-0: SINGLE (Flyball, 9LS)
|
Batting: LHB Jim Davis
|
0-0: Ball Frank Music steals 2nd base 1-0: Foul Ball, location: 2F 1-1: Ball 2-1: Ball 3-1: Base on Balls
|
Batting: RHB Bob Pugh
|
0-0: Ball 1-0: Ball 2-0: Ball 3-0: Called Strike 3-1: Base on Balls Frank Music to third Jim Davis to second
|
Batting: LHB Matt Turner
|
0-0: Grounds into double play, 6-4-3 (Groundball, 6) Frank Music scores Jim Davis to third
|
Batting: SHB Dave Hickman
|
0-0: Fly out, F8 (Flyball, 8RD)
|
Bottom of the 2nd over - 1 run, 1 hit, 0 errors, 1 left on base; Virginia Tech 3 - Texas 2 |
TOP OF THE 3RD |
Virginia Tech Hokies batting - Pitching for Texas Longhorns : RHP Eugene Jackson
|
Batting: SHB Daniel Lee
|
0-0: Foul Ball, location: 2F 0-1: SINGLE (Groundball, 4MD)
|
Batting: RHB Eric Clay
|
0-0: Called Strike 0-1: Ball 1-1: Fly out, F9 (Line Drive, 9)
|
Batting: RHB Dusty Green
|
0-0: Ball 1-0: Called Strike 1-1: Ground out 4-3 (Groundball, 4S) Daniel Lee to second
|
Batting: LHB Ben Webb
|
0-0: Ball 1-0: Ball 2-0: Ball 3-0: Called Strike 3-1: Called Strike 3-2: Base on Balls
|
Batting: RHB Octávio Ramérez
|
0-0: Called Strike 0-1: Swinging Strike 0-2: Ball 1-2: Ball 2-2: Ball 3-2: SINGLE (Flyball, 7S) Daniel Lee to third Ben Webb to second Daniel Lee scores Ben Webb to third
|
Batting: SHB Junior Campbell
|
0-0: Foul Ball, location: 2F 0-1: Foul Ball, location: 2F 0-2: Ball Wild Pitch! Ben Webb scores Octávio Ramérez to second 1-2: Ball 2-2: Strikes out looking
|
Top of the 3rd over - 2 runs, 2 hits, 0 errors, 1 left on base; Virginia Tech 5 - Texas 2 |
BOTTOM OF THE 3RD |
Texas Longhorns batting - Pitching for Virginia Tech Hokies : RHP Ken Turner
|
Batting: LHB Bill Turner
|
0-0: SINGLE (Line Drive, 8RS)
|
Batting: RHB Jonathan Boyer
|
0-0: Foul Ball, location: 2F 0-1: Called Strike 0-2: Hit by Pitch Bill Turner to second
|
Batting: RHB William Gilmore
|
0-0: Called Strike 0-1: Grounds into double play, 5-4-3 (Groundball, 5) Bill Turner to third
|
Batting: RHB Curtis Lawson
|
0-0: Foul Ball, location: 2F 0-1: DOUBLE (Line Drive, 7LM) Bill Turner scores
|
Batting: RHB Frank Music
|
0-0: Called Strike 0-1: Ball 1-1: Ball 2-1: Foul Ball, location: 2F 2-2: Foul Ball, location: 2F 2-2: Ground out 5-3 (Groundball, 56)
|
Bottom of the 3rd over - 1 run, 2 hits, 0 errors, 1 left on base; Virginia Tech 5 - Texas 3 |
TOP OF THE 4TH |
Virginia Tech Hokies batting - Pitching for Texas Longhorns : RHP Eugene Jackson
|
Batting: RHB Jake Holmes
|
0-0: Ball 1-0: Ball 2-0: Swinging Strike 2-1: Foul Ball, location: 2F 2-2: Ball 3-2: Foul Ball, location: 2F 3-2: Base on Balls
|
Batting: RHB Tim Wise
|
0-0: Ball 1-0: Called Strike 1-1: Ball 2-1: Foul Ball, location: 2F 2-2: Strikes out swinging
|
Batting: LHB David Ortega
|
0-0: Ball 1-0: Ball 2-0: Ball 3-0: Base on Balls Jake Holmes to second
|
Pitching: RHP Jeff Finley
|
|
Batting: SHB Daniel Lee
|
0-0: Foul Ball, location: 2F 0-1: Ball 1-1: Swinging Strike 1-2: DOUBLE (Flyball, 78XD) Jake Holmes scores David Ortega to third Runner from 3rd tries for Home, SAFE, no throw
|
Batting: RHB Eric Clay
|
0-0: Ball 1-0: Called Strike 1-1: Swinging Strike 1-2: Strikes out looking
|
Batting: RHB Dusty Green
|
0-0: Called Strike 0-1: Swinging Strike 0-2: Strikes out swinging
|
Top of the 4th over - 2 runs, 1 hit, 0 errors, 1 left on base; Virginia Tech 7 - Texas 3 |
BOTTOM OF THE 4TH |
Texas Longhorns batting - Pitching for Virginia Tech Hokies : RHP Ken Turner
|
Batting: LHB Jim Davis
|
0-0: SOLO HOME RUN (Flyball, 9LD), Distance : 317 ft
|
Batting: RHB Bob Pugh
|
0-0: Ball 1-0: Ball 2-0: Ball 3-0: Called Strike 3-1: Base on Balls
|
Batting: LHB Matt Turner
|
0-0: Called Strike 0-1: Ball 1-1: Ball 2-1: Ball 3-1: Base on Balls Bob Pugh to second
|
Batting: SHB Dave Hickman
|
0-0: Fly out, F8 (Flyball, 8RS)
|
Batting: LHB Bill Turner
|
0-0: Called Strike 0-1: 3-RUN HOME RUN (Flyball, 7LD), Distance : 320 ft
|
Batting: RHB Jonathan Boyer
|
0-0: Ball 1-0: Ground out 4-3 (Groundball, 4)
|
Batting: RHB William Gilmore
|
0-0: Foul Ball, location: 2F 0-1: Foul Ball, location: 2F 0-2: Ground out 5-3 (Groundball, 5)
|
Bottom of the 4th over - 4 runs, 2 hits, 0 errors, 0 left on base; Virginia Tech 7 - Texas 7 |
TOP OF THE 5TH |
Virginia Tech Hokies batting - Pitching for Texas Longhorns : RHP Jeff Finley
|
Batting: LHB Ben Webb
|
0-0: Ball 1-0: Ball 2-0: Ball 3-0: Base on Balls
|
Batting: RHB Octávio Ramérez
|
0-0: Ball 1-0: Swinging Strike 1-1: Foul Ball, location: 2F 1-2: Strikes out swinging
|
Batting: SHB Junior Campbell
|
0-0: Ball 1-0: Called Strike 1-1: Swinging Strike 1-2: Foul Ball, location: 2F 1-2: Strikes out swinging
|
Batting: RHB Jake Holmes
|
0-0: Ball 1-0: Ball 2-0: Ball 3-0: Called Strike 3-1: Fly out, F7 (Flyball, 78D)
|
Top of the 5th over - 0 runs, 0 hits, 0 errors, 1 left on base; Virginia Tech 7 - Texas 7 |
BOTTOM OF THE 5TH |
Texas Longhorns batting - Pitching for Virginia Tech Hokies : RHP Ken Turner
|
Batting: RHB Curtis Lawson
|
0-0: Ball 1-0: Foul Ball, location: 2F 1-1: Foul Ball, location: 2F 1-2: SINGLE (Flyball, 78M)
|
Pitching: RHP Darrell Helms
|
|
Batting: RHB Frank Music
|
0-0: SINGLE (Line Drive, 56) Curtis Lawson to second
|
Batting: LHB Jim Davis
|
0-0: Ball 1-0: Grounds into double play, 6-4-3 (Groundball, 6) Curtis Lawson to third
|
Batting: RHB Bob Pugh
|
0-0: Foul Ball, location: 2F 0-1: Ball 1-1: Ground out 5-3 (Groundball, 5S)
|
Bottom of the 5th over - 0 runs, 2 hits, 0 errors, 1 left on base; Virginia Tech 7 - Texas 7 |
TOP OF THE 6TH |
Virginia Tech Hokies batting - Pitching for Texas Longhorns : RHP Jeff Finley
|
Batting: RHB Tim Wise
|
0-0: Ground out 6-3 (Groundball, 6)
|
Batting: LHB David Ortega
|
0-0: Ball 1-0: Ball 2-0: Ball 3-0: Foul Ball, location: 2F 3-1: Base on Balls
|
Batting: SHB Daniel Lee
|
0-0: Ball 1-0: Fielders Choice at 2nd, 2-4 (Groundball, 2L)
|
Batting: RHB Eric Clay
|
0-0: Ball Daniel Lee steals 2nd base 1-0: Foul Ball, location: 2F 1-1: Foul Ball, location: 2F 1-2: Fly out, F8 (Flyball, 8LD)
|
Top of the 6th over - 0 runs, 0 hits, 0 errors, 1 left on base; Virginia Tech 7 - Texas 7 |
BOTTOM OF THE 6TH |
Texas Longhorns batting - Pitching for Virginia Tech Hokies : RHP Darrell Helms
|
Batting: LHB Matt Turner
|
0-0: DOUBLE (Line Drive, 8LD)
|
Batting: SHB Dave Hickman
|
0-0: Ball Matt Turner steals 3rd base 1-0: Fly out, F6 (Flyball, 6MD)
|
Batting: LHB Bill Turner
|
0-0: Intentional Walk
|
Batting: RHB Jonathan Boyer
|
0-0: Foul Ball, location: 2F 0-1: Foul Ball, location: 2F 0-2: Foul Ball, location: 2F 0-2: Grounds into double play, 5-4-3 (Groundball, 56)
|
Bottom of the 6th over - 0 runs, 1 hit, 0 errors, 1 left on base; Virginia Tech 7 - Texas 7 |
TOP OF THE 7TH |
Virginia Tech Hokies batting - Pitching for Texas Longhorns : RHP Jeff Finley
|
Batting: RHB Dusty Green
|
0-0: Ball 1-0: Called Strike 1-1: SINGLE (Groundball, 6MD)
|
Batting: LHB Ben Webb
|
0-0: Ball 1-0: 2-RUN HOME RUN (Flyball, 9LD), Distance : 318 ft
|
Pitching: RHP Ellis Coleman
|
|
Batting: RHB Octávio Ramérez
|
0-0: Called Strike 0-1: Called Strike 0-2: Ball 1-2: Ball 2-2: Ground out 4-3 (Groundball, 4)
|
Batting: SHB Junior Campbell
|
0-0: Called Strike 0-1: Foul Ball, location: 2F 0-2: Strikes out swinging, 2-3 out at first.
|
Batting: RHB Jake Holmes
|
0-0: Ball 1-0: Ball 2-0: Called Strike 2-1: SOLO HOME RUN (Flyball, 7LD), Distance : 333 ft
|
Batting: RHB Tim Wise
|
0-0: Called Strike 0-1: Fly out, F8 (Flyball, 8RM)
|
Top of the 7th over - 3 runs, 3 hits, 0 errors, 0 left on base; Virginia Tech 10 - Texas 7 |
BOTTOM OF THE 7TH |
Texas Longhorns batting - Pitching for Virginia Tech Hokies : RHP Darrell Helms
|
Batting: RHB William Gilmore
|
0-0: Foul Ball, location: 2F 0-1: Foul Ball, location: 2F 0-2: Ball 1-2: Ball 2-2: Ball 3-2: Foul Ball, location: 2F 3-2: Base on Balls
|
Batting: RHB Curtis Lawson
|
0-0: Ball 1-0: Ball William Gilmore steals 2nd base 2-0: Called Strike 2-1: Ball 3-1: Swinging Strike 3-2: Strikes out looking
|
Batting: RHB Frank Music
|
0-0: Ball 1-0: Ball 2-0: Ball 3-0: Called Strike 3-1: Foul Ball, location: 2F 3-2: Strikes out swinging
|
Batting: LHB Jim Davis
|
0-0: Called Strike 0-1: SINGLE (Groundball, 6MD) William Gilmore to third Runner from 3rd tries for Home, SAFE, no throw
|
Batting: RHB Bob Pugh
|
0-0: Ball 1-0: Fly out, F6 (Line Drive, 6)
|
Bottom of the 7th over - 1 run, 1 hit, 0 errors, 1 left on base; Virginia Tech 10 - Texas 8 |
TOP OF THE 8TH |
Virginia Tech Hokies batting - Pitching for Texas Longhorns : RHP Ellis Coleman
|
Batting: LHB David Ortega
|
0-0: Fly out, F8 (Flyball, 8LD)
|
Batting: SHB Daniel Lee
|
0-0: Called Strike 0-1: Ball 1-1: Foul Ball, location: 2F 1-2: Ball 2-2: Strikes out looking
|
Batting: RHB Eric Clay
|
0-0: Ground out 4-3 (Groundball, 4)
|
Top of the 8th over - 0 runs, 0 hits, 0 errors, 0 left on base; Virginia Tech 10 - Texas 8 |
BOTTOM OF THE 8TH |
Texas Longhorns batting - Pitching for Virginia Tech Hokies : RHP Darrell Helms
|
Batting: LHB Matt Turner
|
0-0: Ball 1-0: SOLO HOME RUN (Flyball, 9D), Distance : 355 ft
|
Batting: SHB Dave Hickman
|
0-0: Swinging Strike 0-1: Ball 1-1: Ball 2-1: Ball 3-1: Called Strike 3-2: SINGLE (Groundball, 6D)
|
Pitching: RHP Zack Quintero
|
|
Batting: LHB Bill Turner
|
0-0: Ball 1-0: Ball 2-0: Ball 3-0: Base on Balls Dave Hickman to second
|
Batting: RHB Jonathan Boyer
|
0-0: Ball 1-0: Ball 2-0: Called Strike 2-1: 3-RUN HOME RUN (Flyball, 7LD), Distance : 312 ft
|
Batting: RHB William Gilmore
|
0-0: Ball 1-0: Ball 2-0: Foul Ball, location: 2F 2-1: Ball 3-1: Base on Balls
|
Batting: RHB Curtis Lawson
|
0-0: Hit by Pitch William Gilmore to second
|
Batting: RHB Frank Music
|
0-0: Ball 1-0: Reached on error, E1 (Groundball, 15S) William Gilmore scores Curtis Lawson to third
|
Batting: LHB Jim Davis
|
0-0: Called Strike 0-1: SINGLE (Groundball, 4M) Curtis Lawson scores Frank Music to third Runner from 3rd tries for Home, SAFE, throw made home Jim Davis to second
|
Batting: RHB Bob Pugh
|
0-0: Called Strike 0-1: Fly out, F4 (Line Drive, 4M)
|
Batting: LHB Matt Turner
|
0-0: Ground out 4-3 (Groundball, 4) Jim Davis to third
|
Batting: SHB Dave Hickman
|
0-0: Called Strike 0-1: Ball 1-1: Foul Ball, location: 2F 1-2: Strikes out swinging
|
Bottom of the 8th over - 7 runs, 4 hits, 1 error, 1 left on base; Virginia Tech 10 - Texas 15 |
TOP OF THE 9TH |
Virginia Tech Hokies batting - Pitching for Texas Longhorns : RHP Ellis Coleman
|
Batting: RHB Dusty Green
|
0-0: Ball 1-0: Ball 2-0: Ball 3-0: Called Strike 3-1: Base on Balls
|
Batting: LHB Ben Webb
|
0-0: Ball 1-0: Grounds into double play, 4-6-3 (Groundball, 4)
|
Batting: RHB Octávio Ramérez
|
0-0: Ball 1-0: Called Strike 1-1: Foul Ball, location: 2F 1-2: Ball 2-2: Strikes out swinging
|
Top of the 9th over - 0 runs, 0 hits, 0 errors, 0 left on base; Virginia Tech 10 - Texas 15 |
|